 Seeded DCSS version 0.27-a0-95-g5a9077b8ae (webtiles) character file.

Game seed: 5125158891462947277 (custom seed)

429 tacoguy the Covered (level 6, -1/56 HPs)
             Began as a Minotaur Fighter on Jan 18, 2021.
             Slain by an ogre
             ... wielding a +0 giant club
              (21 damage)
             ... on level 5 of the Dungeon.
             The game lasted 00:07:30 (3385 turns).

tacoguy the Covered (Minotaur Fighter)              Turns: 3385, Time: 00:07:31

Health: -1/56      AC:  9    Str: 23    XL:     6   Next: 66%
Magic:  5/5        EV:  9    Int:  5    God:
Gold:   310        SH: 10    Dex:  9    Spells: 5/5 levels left

rFire    . . .     SeeInvis .   a - +0 war axe
rCold    . . .     Faith    .   c - +0 kite shield
rNeg     . . .     Spirit   .   b - +1 scale mail
rPois    .         Reflect  .   (helmet restricted)
rElec    .         Harm     .   (no cloak)
rCorr    .         Rampage  .   i - +0 pair of gloves
Will     .....                  (no boots)
Stlth    ..........             (no amulet)
HPRegen  0.18/turn              (no ring)
MPRegen  0.09/turn              (no ring)

@: no status effects
A: retaliatory headbutt, horns 2
a: no special abilities


You were on level 5 of the Dungeon.
You visited 1 branch of the dungeon, and saw 5 of its levels.

You collected 310 gold pieces.

Inventory:

Hand Weapons
 a - a +0 war axe (weapon)
Armour
 b - a +1 scale mail (worn)
 c - a +0 kite shield (worn)
 i - a +0 pair of gloves (worn)
Magical Staves
 m - an uncursed staff of air
Scrolls
 f - 2 scrolls of remove curse
 g - 4 scrolls of identify
 n - a scroll of teleportation {unknown}
Potions
 d - a potion of might
 e - a potion of heal wounds {unknown}
 h - a potion of flight {unknown}
 j - a potion of mutation {unknown}
 k - 2 potions of haste {unknown}
 l - a potion of berserk rage
 o - 2 potions of attraction {unknown}


   Skills:
 + Level 5.2 Fighting
 + Level 4.3 Axes
 + Level 5.2 Armour
 + Level 2.9 Dodging
 + Level 5.2 Shields


You had 5 spell levels left.
You didn't know any spells.
Your spell library was empty.

Dungeon Overview and Level Annotations

Branches:
Dungeon (5/15)
 Temple: D:4-7

Altars:
Vehumet
Zin


Innate Abilities, Weirdness & Mutations

You reflexively headbutt those who attack you in melee.
You have a pair of horns on your head.


Message History

There is an entrance to a sewer on this level.
Hurry and find it before the portal rusts away!
An ogre comes into view. It is wielding a +0 giant club.
The ogre shouts!
Found a scroll labelled ZONWOCW KYWYT.
There is a stone staircase leading up here.
Found a scroll labelled ZONWOCW KYWYT.
The ogre hits you with a +0 giant club!
You hit the ogre. You headbutt the ogre.
The ogre is moderately wounded.
The ogre barely misses you.
You hit the ogre. Your headbutt misses the ogre.
The ogre is heavily wounded.
The ogre hits you with a +0 giant club!!
You slash the ogre! You headbutt the ogre.
The ogre is almost dead.
You block the ogre's attack.
You hit the ogre but do no damage.
The ogre is almost dead.
The ogre hits you with a +0 giant club!!
You die...

######
#####....?#
#......# #
#..<...###.#
#...........
#.......####
#...@..##
#...O..#
#......#
#......#
#......#
.......#
.......?#
..........


You could see an ogre.

Vanquished Creatures
  An ogre (D:4)
  A scorpion (D:4)
  2 hounds
  4 orc wizards (D:3)
  A worker ant (D:4)
  3 adders
  4 leopard geckos
  7 orcs (D:3)
  4 giant cockroaches
  8 goblins
  7 hobgoblins
  3 jackals (D:3)
  9 kobolds
  3 quokkas
  A ball python (D:3)
  4 bats
  5 frilled lizards
  4 rats
71 creatures vanquished.

Vanquished Creatures (others)
  7 fungi (D:1)
  5 toadstools (D:1)
12 creatures vanquished.

Grand Total: 83 creatures vanquished

Notes
Turn   | Place    | Note
-------+----------+-------------------------------------------
     0 | D:1      | tacoguy the Minotaur Fighter began the quest for the Orb.
     0 | D:1      | Reached XP level 1. HP: 19/19 MP: 0/0
   398 | D:1      | Reached XP level 2. HP: 22/27 MP: 1/1
   786 | D:2      | Found a faded altar of an unknown god.
   914 | D:2      | Reached XP level 3. HP: 13/33 MP: 2/2
  1299 | D:2      | Noticed an ogre
  1313 | D:2      | Reached skill level 1 in Dodging
  1548 | D:3      | Found a radiant altar of Vehumet.
  1698 | D:3      | Reached XP level 4. HP: 36/41 MP: 3/3
  1915 | D:3      | Reached XP level 5. HP: 38/47 MP: 4/4
  2537 | D:3      | Found a glowing silver altar of Zin.
  2649 | D:4      | Reached XP level 6. HP: 55/55 MP: 5/5
  2742 | D:4      | Reached skill level 5 in Fighting
  2742 | D:4      | Reached skill level 5 in Armour
  2742 | D:4      | Reached skill level 5 in Shields
  3378 | D:5      | Entered Level 5 of the Dungeon
  3385 | D:5      | Slain by an ogre

Illustrated notes

Levels and vault maps discovered:
D:1:      dpeg_arrival_pits, layout_rooms, minmay_misc_feat_secret_circle,
          minmay_gold_behind_fungi, minmay_surrounded
D:2:      layout_basic, chequers_ecumenical_altar_island, lightli_corner_chamber
D:3:      layout_basic, zin_academy, vehumet_crystals, bh_walls_and_bars
D:4:      layout_basic
D:5:      wander_river, layout_gridville, cheibriados_altar_2,
          minmay_temple_entry_statues_fountains, gup_sewer_entry_spiral,
          serial_bayou_ford_a, chequers_serial_rivers_small_3,
          minmay_fire_ice_demons

Skill      XL: |  1  2  3  4  5  6 |
---------------+-------------------+-----
Fighting       | 4 5 |  5.2
Shields        | 4 5 |  5.2
Armour         | 4 5 |  5.2
Axes           | 3 4 |  4.3
Dodging        | 1 2 |  2.9

Action                   |  1- 3 |  4- 6 || total
-------------------------+-------+-------++-------
Melee: War axe           |    97 |    91 ||   188
       Headbutt          |    11 |    12 ||    23
  Use: Scroll            |     5 |       ||     5
Armor: Scale mail        |    53 |    66 ||   119
Dodge: Dodged            |    39 |    39 ||    78
Block: Kite shield       |    65 |    58 ||   123

Table legend: (Time is in decaauts)
 A = Elapsed time spent in this place.
 B = Non-inter-level travel time spent in this place.
 C = Inter-level travel time spent in this place.
 D = Time resting spent in this place.
 E = Time spent auto-exploring this place.
 F = Levels seen in this place.
 G = Mean time per level.
                   A        B        C        D        E       F      G
               +--------+--------+--------+--------+--------+-----+--------+
         Total |   3470 |   3365 |    105 |    254 |   2565 |   5 |  694.0 |
       Dungeon |   3470 |   3365 |    105 |    254 |   2565 |   5 |  694.0 |
               +--------+--------+--------+--------+--------+-----+--------+

Top non-repeatable levels by time:
     D:3: 1162 daAuts
     D:2: 886 daAuts
     D:4: 743 daAuts
     D:1: 670 daAuts
     D:5: 7 daAuts
